 Dungeon Crawl Stone Soup version 0.23.2 (webtiles) character file.

Game seed: 10316824318675274492

74 Marnok the Covered (level 4, 0/35 HPs)
             Began as a Demonspawn Fighter on Apr 9, 2019.
             Slain by Sigmund
             ... wielding a +0 scythe
              (2 damage)
             ... on level 2 of the Dungeon.
             The game lasted 00:03:06 (1679 turns).

Marnok the Covered (Demonspawn Fighter)             Turns: 1679, Time: 00:03:07

Health: 0/35       AC:  5    Str: 15 (17) XL:     4   Next: 9%
Magic:  4/4        EV:  6    Int:  7 (9)  God:
Gold:   82         SH:  8    Dex: 11 (13) Spells: 3/3 levels left

rFire    . . .     SeeInvis .   a - +0 long sword
rCold    + . .     Gourm    .   c - +0 shield
rNeg     . . .     Faith    .   b - +0 scale mail
rPois    .         Spirit   .   (no helmet)
rElec    .         Reflect  .   (no cloak)
rCorr    .         Harm     .   (no gloves)
MR       .....                  (no boots)
Stlth    ..........             (no amulet)
HPRegen  0.11/turn              h - ring of flight
MPRegen  0.09/turn              k - ring of attention (curse)

@: hasted, very quick
A: yellow scales 1, cold resistance 1, deformed body, deterioration 1, powered
by pain 1
a: Evoke Flight


You were on level 2 of the Dungeon.
You were hungry.

You visited 1 branch of the dungeon, and saw 2 of its levels.

You collected 82 gold pieces.

Inventory:

Hand Weapons
 a - a +0 long sword (weapon)
Missiles
 j - 7 javelins (quivered)
Armour
 b - a +0 scale mail (worn)
 c - a +0 shield (worn)
Jewellery
 h - a ring of flight (left hand)
 k - a cursed ring of attention (right hand)
Scrolls
 g - a scroll of teleportation {unknown}
 i - a scroll of magic mapping
Comestibles
 f - 3 rations
 l - a chunk of flesh


   Skills:
 + Level 3.3 Fighting
 + Level 2.4 Long Blades
 + Level 3.4 Armour
 + Level 0.2 Dodging
 + Level 3.2 Shields


You had 3 spell levels left.
You didn't know any spells.
Your spell library was empty.

Dungeon Overview and Level Annotations

Branches:
Dungeon (2/15)

Altars:

Annotations:
D:2 Sigmund


Innate Abilities, Weirdness & Mutations

You are partially covered in yellow scales. (AC +2)
You sometimes gain a little power by taking damage.
Your flesh is cold resistant. (rC+)
Armour fits poorly on your strangely shaped body.
Your body sometimes deteriorates upon taking damage.


Message History

Sigmund gestures wildly while chanting.
Sigmund flickers and vanishes!
Deactivating autopickup; reactivate with Ctrl-A.
You're too confused to move!
Something hits you.
* * * LOW HITPOINT WARNING * * *
You bump into the rock wall.
You feel less confused.
It was a potion of haste.
You feel yourself speed up. You block something's attack.
It was a potion of mutation.
You feel extremely strange.
Your body twists and deforms.
You feel yourself wasting away.
You feel resistant to cold. Something hits you!
* * * LOW HITPOINT WARNING * * *
You hit something but do no damage.
As you read the scroll labeled HAHYKI JOHEFAO, it crumbles to dust.
It is a scroll of identify.
i - a scroll of magic mapping Something hits you.
You die...

.#.................# ##.#.......#
#.......##........# #.##.......
.......<........### #..#.......
..##########....## ##.#.......
.###### #....##..#######.#.......
.................................
...######.#####..#######.........
.#...# #..#####..#######.........
.###............@..........#.#...
.# ###>###..##.{#######..##.##..
.# #..........# #...###..# ...
#######..# #...##..## ... #...
##..###(.# #... #.##.##.. #....
#..#.#..# #.... ##.....##
#..........#


There were no monsters in sight!

Vanquished Creatures
  4 adders (D:2)
  An ooze (D:1)
  A worm (D:2)
  5 bats
  2 giant cockroaches
  A goblin (D:2)
  3 hobgoblins
  7 kobolds
  A quokka (D:2)
  2 frilled lizards (D:2)
  6 rats
33 creatures vanquished.

Notes
Turn   | Place    | Note
-------+----------+-------------------------------------------
     0 | D:1      | Marnok the Demonspawn Fighter began the quest for the Orb.
     0 | D:1      | Reached XP level 1. HP: 18/18 MP: 1/1
   321 | D:1      | Gained mutation: You are partially covered in yellow
                  | scales. (AC +2) [demonic ancestry]
   321 | D:1      | Reached XP level 2. HP: 21/24 MP: 2/2
   883 | D:2      | Reached XP level 3. HP: 22/29 MP: 3/3
  1271 | D:2      | Gained mutation: You sometimes gain a little power by
                  | taking damage. [demonic ancestry]
  1271 | D:2      | Reached XP level 4. HP: 13/35 MP: 4/4
  1659 | D:2      | Noticed Sigmund
  1676 | D:2      | Gained mutation: Armour fits poorly on your strangely
                  | shaped body. [potion of mutation]
  1676 | D:2      | Gained mutation: Your body sometimes deteriorates upon
                  | taking damage. [potion of mutation]
  1676 | D:2      | Gained mutation: Your flesh is cold resistant. (rC+)
                  | [potion of mutation]
  1679 | D:2      | Slain by Sigmund

Skill      XL: |  1  2 |
---------------+-------+-----
Shields        | 3 |  3.2
Armour         | 3 |  3.4
Long Blades    | 2 |  2.4
Fighting       | |  3.3
Dodging        | |  0.2

Action                   |  1- 3 |  4- 6 || total
-------------------------+-------+-------++-------
Melee: Long sword        |    73 |    19 ||    92
  Use: Potion            |     3 |     2 ||     5
       Scroll            |       |     1 ||     1
  Eat: Chunk             |     1 |     1 ||     2
Armor: Scale mail        |    55 |    14 ||    69
Dodge: Dodged            |    36 |     7 ||    43
Block: Shield            |    45 |     8 ||    53
       Rpst.: Long sword |    14 |     4 ||    18
